General information
- name: tsshins
- type: Custom game
- host: Zith)
- saver: Zith)
map: TerenasStand
- players: 2
- length: 17:57
- speed: Fast
- version: 1.24 W3XP
- replay type: Public
» download(83 KB)
Players
team 1 (loser)
Zith) (
blue | 158 APM | 2846 actions | 17:57)
4 Warden
2 Shadow Strike
2 Fan of Knives
2 Pandaren Brewmaster
1 Breath of Fire
1 Drunken Haze
» actions
| Assign group hotkey | 32 | |
| Basic commands | 11 | |
| Build / train | 59 | |
| Enter build submenu | 17 | |
| Enter hero's abilities submenu | 6 | |
| Give item / drop item | 1 | |
| Remove unit from queue | 2 | |
| Right click | 1372 | |
| Select / deselect | 499 | |
| Select group hotkey | 723 | |
| Use ability | 124 | |
2846 total
» units
| Wisp | 19 | |
| Archer | 3 | |
| Goblin Shredder | 1 | |
| Dryad | 4 | |
| Goblin Zeppelin | 1 | |
| Druid of the Claw | 5 | |
33 total
» upgrades
| Druid of the Claw Training | 2 | |
| Mark of the Claw | 1 | |
| Well Spring | 1 | |
4 total
» buildings
| Altar of Elders | 1 | |
| Moon Well | 6 | |
| Ancient of War | 2 | |
| Tree of Ages | 1 | |
| Hunter's Hall | 1 | |
| Ancient of Wonders | 1 | |
| Ancient of Lore | 3 | |
| Tree of Life | 2 | |
| Tree of Eternity | 1 | |
18 total
» build order
00:06 Altar of Elders
00:14 Moon Well
00:27 Ancient of War
01:41 Moon Well
02:19 Moon Well
02:36 Ancient of War
03:36 Tree of Ages
04:32 Hunter's Hall
04:55 Ancient of Wonders
06:13 Ancient of Lore
06:17 Ancient of Lore
06:25 Tree of Life
07:22 Ancient of Lore
07:24 Moon Well
09:19 Tree of Eternity
11:41 Moon Well
13:36 Moon Well
16:02 Tree of Life
» items
| Boots of Speed | 1 | |
| Lesser Clarity Potion | 3 | |
| Moonstone | 2 | |
| Potion of Healing | 1 | |
| Scroll of Town Portal | 1 | |
| Staff of Preservation | 1 | |
| Orb of Venom | 1 | |
10 total
team 2 (winner)

»
Shins- (
brown | 137 APM | 2462 actions | 17:57)
5 Death Knight
3 Death Coil
2 Unholy Aura
4 Pit Lord
2 Howl of Terror
2 Cleaving Attack
» actions
| Assign group hotkey | 115 | |
| Basic commands | 157 | |
| Build / train | 54 | |
| ESC pressed | 1 | |
| Enter build submenu | 14 | |
| Enter hero's abilities submenu | 10 | |
| Give item / drop item | 8 | |
| Right click | 1258 | |
| Select / deselect | 566 | |
| Select group hotkey | 151 | |
| Use ability | 128 | |
2462 total
» units
| Acolyte | 5 | |
| Ghoul | 11 | |
| Crypt Fiend | 1 | |
| Obsidian Statue | 3 | |
| Abomination | 5 | |
25 total
» upgrades
| Disease Cloud | 1 | |
| Unholy Armor | 3 | |
| Cannibalize | 1 | |
5 total
» buildings
| Crypt | 1 | |
| Altar of Darkness | 1 | |
| Ziggurat | 6 | |
| Tomb of Relics | 2 | |
| Halls of the Dead | 1 | |
| Graveyard | 1 | |
| Black Citadel | 1 | |
| Slaughterhouse | 2 | |
| Spirit Tower | 1 | |
| Nerubian Tower | 1 | |
17 total
» build order
00:04 Crypt
00:10 Altar of Darkness
00:32 Ziggurat
00:59 Tomb of Relics
01:04 Tomb of Relics
01:06 Ziggurat
03:30 Halls of the Dead
04:30 Graveyard
04:32 Ziggurat
06:09 Black Citadel
06:23 Slaughterhouse
06:24 Slaughterhouse
07:24 Ziggurat
11:28 Spirit Tower
11:29 Nerubian Tower
12:45 Ziggurat
12:45 Ziggurat
» items
| Rod of Necromancy | 3 | |
| Orb of Corruption | 1 | |
4 total
Chat log
(00:39 / All) Zith): call it call it call it
(00:43 / All) Shins-: C + N
(00:53 / All) Zith): hoe noes
(04:13 / All) Shins-: owned
(04:17 / All) Zith): war-ten
(17:57 / All) Zith): gg